 Dungeon Crawl Stone Soup version 0.29-a0-838-g385bb11a5b (webtiles) character file.

Game seed: 9993625272136386198

1 zeratav the Stinger (level 1, -1/11 HPs)
             Began as an Octopode Venom Mage on July 13, 2022.
             Slain by a frilled lizard (3 damage)
             ... on level 1 of the Dungeon.
             The game lasted 00:00:39 (115 turns).

zeratav the Stinger (Octopode Venom Mage)            Turns: 115, Time: 00:00:39

Health: -1/11      AC:  1    Str:  7    XL:     1   Next: 20%
Magic:  3/3        EV: 13    Int: 17    God:
Gold:   33         SH:  0    Dex: 12    Spells: 3/4 levels left

rFire   . . .      SeeInvis .   d - +0 club {mace}
rCold   . . .      Faith    .   (no shield)
rNeg    . . .      Spirit   .   (helmet restricted)
rPois   +          Reflect  .   (no amulet)
rElec   .          Harm     .   c - ring of poison resistance
rCorr   .          Rampage  .   (no ring)
Will    .....                   (no ring)
Stlth   +++.......              (no ring)
HPRegen 0.03/turn               (no ring)
MPRegen 0.08/turn               (no ring)
                                (no ring)
                                (no ring)

@: no status effects
A: almost no armour, amphibious, 8 rings, camouflage 1, gelatinous body 1,
(nimble swimmer 1), tentacles
a: no special abilities


You were on level 1 of the Dungeon.
You visited 1 branch of the dungeon, and saw 1 of its levels.

You collected 33 gold pieces.


Innate Abilities, Weirdness & Mutations

You cannot wear most types of armour.
You are amphibious.
You can wear up to eight rings at the same time.
Your skin changes colour to match your surroundings (Stealth+).
Your rubbery body absorbs attacks. (AC +1, EV +1)
((You are camouflaged when in or above water. (Stealth+)))
You have tentacles for arms and can constrict up to eight enemies at once.


   Skills:
 - Level 2.0 Dodging
 + Level 2.8 Stealth
 - Level 2.0 Spellcasting
 - Level 1.0 Transmutations
 + Level 3.7 Poison Magic


You had 3 spell levels left.
You knew the following spells:

 Your Spells              Type           Power      Damage    Failure   Level
a - Sting                 Tmut/Pois      36%        1d4       8%          1

Your spell library contained the following spells:

 Spells                   Type           Power      Damage    Failure   Level
 Poisonous Vapours        Pois/Air       14%        N/A       14%         2
 Mephitic Cloud           Conj/Pois/Air  5%         N/A       34%         3
 Olgreb's Toxic Radiance  Pois           14%        N/A       38%         4

Inventory:

Hand Weapons
 d - a +0 club (weapon) {mace}
   (You took it off a goblin on level 1 of the Dungeon)
Jewellery
 c - a ring of poison resistance (left tentacle)
   (You found it on level 1 of the Dungeon)
Scrolls
 b - a scroll of teleportation {unknown}
Potions
 a - a potion of magic
 e - 2 potions of invisibility {unknown}

Dungeon Overview and Level Annotations

Branches:
Dungeon (1/15) Zot: 5883

Altars:

.#.. ......##.... ## ...
......##.... #####.##..
............ ......#.#
#..######.. .###......###
#. ####. ............#
#.# #....
#.....##.####.#####....
####...###.#.............
.......bl@....#
#.#####.#.
#####..r###...#
#.#####.#. ##.##
##..###......... #.
#......#####.#. #.
#............## ..
############## ##


You could see a bat, a frilled lizard and a rat.


Message History

🤖 Initializing magus.rc ...
Bad channel name for runrest: 'pray:' ✅ Successfully initialized magus.rc [v1.9.6] Welcome, zeratav the Octopode Venom Mage.
The heart of this dungeon contains the incredible artefact, the Orb of Zot.
Press ? for a list of commands and other information.
Found 7 gold pieces and 8 stones.
Found two stairs.
You now have 7 gold pieces.
You see here 8 stones {throwing}.
You now have 15 gold pieces (gained 8).
b - a scroll labelled XIOMIWOCOSCH
c - a ring of poison resistance
c - a ring of poison resistance (left tentacle)
A goblin comes into view. It is wielding a +0 club.
The sting hits the goblin.
The goblin is poisoned.
MP[-1]
You lost 1 mp, and now have 2/3 mp.
The sting hits the goblin.
The goblin looks even sicker.
You kill the goblin!
MP[-1]
You lost 1 mp, and now have 1/3 mp.
You can't see any susceptible monsters within range! (Use Z to cast anyway.)
d - a +0 club {mace} MP[+2]
Your mp is fully restored (3).
d - a +0 club (weapon)
{mace}
e - 2 fizzy orange potions You now have 25 gold pieces (gained 10).
A rat comes into view.
A rat is nearby!
A frilled lizard comes into view.
A bat comes into view.
The frilled lizard hisses angrily.
You see here 8 gold pieces.
You now have 33 gold pieces (gained 8).
The frilled lizard bites you. The rat bites you.
HP[-3]
You take 3 damage, and now have 8/11 hp.
MASSIVE DAMAGE!! (PAUSE)
You barely miss the frilled lizard. Your grab misses the frilled lizard.
Your squeeze misses the frilled lizard. The bat barely misses you.
The frilled lizard closely misses you. The rat closely misses you.
You barely miss the frilled lizard. Your grab misses the frilled lizard.
The bat closely misses you. The frilled lizard barely misses you.
The rat bites you.
HP[-1]
You take 1 damage, and now have 7/11 hp.
You completely miss the frilled lizard. Your grab misses the frilled lizard.
The bat misses you. The frilled lizard bites you. The rat bites you.
* * * LOW HITPOINT WARNING * * *
The bat misses you.
HP[-4]
You take 4 damage, and now have 3/11 hp.
MASSIVE DAMAGE!! (PAUSE)
You are too injured to fight recklessly!
You are too injured to fight recklessly!
You are too injured to fight recklessly!
You are too injured to fight recklessly!
You are too injured to fight recklessly!
You are too injured to fight recklessly!
The bat attacks as you move away! The bat closely misses you. x3
The rat attacks as you move away! The rat bites you but does no damage.
You hit the frilled lizard but do no damage.
Your grab misses the frilled lizard. The frilled lizard barely misses you.
The frilled lizard bites you.
* * * LOW HITPOINT WARNING * * *
HP[-1]
You take 1 damage, and now have 2/11 hp.
You closely miss the frilled lizard. Your grab misses the frilled lizard.
The frilled lizard bites you.
You die...

Action                   || total
-------------------------++-------
Melee: Club              ||     5
 Cast: Sting             ||     2
Armor: Skin              ||     1
Dodge: Dodged            ||    11

Levels and vault maps discovered:
D:1:      dpeg_arrival_stonehenge_8_columns, layout_loops_ring, serial_shops,
          shop

Notes
Turn   | Place    | Note
-------+----------+-------------------------------------------
     0 | D:1      | zeratav the Octopode Venom Mage began the quest for the
                  | Orb.
     0 | D:1      | Reached XP level 1. HP: 11/11 MP: 3/3
     0 | D:1      | magus.rc [v1.9.6]
   114 | D:1      | HP: 2/11 [frilled lizard (1)]
   115 | D:1      | Slain by a frilled lizard

Vanquished Creatures
  A goblin (D:1)
1 creature vanquished.

Table legend:
 A = Non-vault XP
 B = Vault XP
 C = Vault XP percentage of total XP
 D = Non-vault monster count
 E = Vault monster count
 F = Vault count percentage of total count
                 A         B        C        D         E       F
            +---------+---------+-------+---------+---------+-------
      Total |       2 |       0 |   0.0 |       1 |       0 |   0.0
            +---------+---------+-------+---------+---------+-------
        D:1 |       2 |       0 |   0.0 |       1 |       0 |   0.0
            +---------+---------+-------+---------+---------+-------

Illustrated notes

Table legend:
 A = Kills in this place as a percentage of kills in entire the game.
 B = Kills by you in this place as a percentage of kills by you in the entire game.
 C = Kills by friends in this place as a percentage of kills by friends in the entire game.
 D = Other kills in this place as a percentage of other kills in the entire game.
 E = Experience gained in this place as a percentage of experience gained in the entire game.
 F = Experience gained in this place divided by the number of levels of this place that you have seen.
                   A       B       C       D       E      F
               +-------+-------+-------+-------+-------+----------------------
         Total | 100.0 | 100.0 |   N/A |   N/A | 100.0 |   2.0
       Dungeon | 100.0 | 100.0 |   N/A |   N/A | 100.0 |   2.0
               +-------+-------+-------+-------+-------+----------------------

Table legend: (Time is in decaauts)
 A = Elapsed time spent in this place.
 B = Non-inter-level travel time spent in this place.
 C = Inter-level travel time spent in this place.
 D = Time resting spent in this place.
 E = Time spent auto-exploring this place.
 F = Levels seen in this place.
 G = Mean time per level.
                   A        B        C        D        E       F      G
               +--------+--------+--------+--------+--------+-----+--------+
         Total |    115 |    115 |      0 |      0 |     91 |   1 |  115.0 |
       Dungeon |    115 |    115 |      0 |      0 |     91 |   1 |  115.0 |
               +--------+--------+--------+--------+--------+-----+--------+

Top non-repeatable levels by time:
     D:1: 115 daAuts
